 Dungeon Crawl Stone Soup version 0.24.0-123-gd5b16e6ec5 (webtiles) character file.

Game seed: 6338550261437128118, levelgen mode: deterministic

5275 falkbn the Cleaver (level 10, -1/86 HPs)
             Began as a Minotaur Berserker on Jan 22, 2020.
             Was a High Priest of Trog.
             Slain by a death yak (4 damage)
             ... on level 8 of the Dungeon on Jan 23, 2020.
             The game lasted 00:49:45 (7011 turns).

falkbn the Cleaver (Minotaur Berserker)             Turns: 7011, Time: 00:49:45

Health: -1/86      AC: 16    Str: 25    XL:     10   Next: 36%
Magic:  9/9        EV: 15    Int: 11    God:    Trog [*****.]
Gold:   414        SH:  0    Dex: 15    Spells: 9/9 levels left

rFire    . . .     SeeInvis +   a - +1 hand axe
rCold    . . .     Gourm    .   (no shield)
rNeg     . . .     Faith    .   u - +0 chain mail
rPois    +         Spirit   .   (helmet restricted)
rElec    .         Reflect  .   r - +0 cloak {rPois}
rCorr    +         Harm     .   e - +0 pair of gloves
MR       .....     NoTele   +   N - +0 pair of boots
Stlth    ..........             B - amulet of magic regeneration
HPRegen  0.24/turn              m - ring of resist corrosion
MPRegen  0.36/turn              H - ring "Zusomifa" {-Tele +Fly Int+7 Slay+2 SInv}

@: agile, berserk cooldown, slowed, very slow
A: retaliatory headbutt, horns 2
a: Berserk, Trog's Hand, Brothers in Arms, Renounce Religion, Evoke Flight


You were on level 8 of the Dungeon.
You worshipped Trog.
Trog was extremely pleased with you.
You were not hungry.

You visited 2 branches of the dungeon, and saw 9 of its levels.
You also visited: Ossuary.

You collected 414 gold pieces.

Inventory:

Hand Weapons
 a - a +1 hand axe (weapon)
 b - a +2 short sword of speed
 q - a +3 quarterstaff of chaos
Armour
 e - a +0 pair of gloves (worn)
 r - a +0 cloak of poison resistance (worn)
 u - a +0 chain mail (worn)
 x - a +3 leather armour of fire resistance
 y - the cursed +1 ring mail of Charity {rF+ rN+ Slay+2 Stlth+}
   (You found it on level 5 of the Dungeon)

   It affects your accuracy and damage with ranged weapons and melee attacks
   (+2).
   It protects you from fire.
   It protects you from negative energy.
   It makes you more stealthy.
   It has a curse placed upon it.
 N - a +0 pair of boots (worn)
Jewellery
 m - a ring of resist corrosion (left hand)
 B - an amulet of magic regeneration (around neck)
 H - the ring "Zusomifa" (right hand) {-Tele +Fly Int+7 Slay+2 SInv}
   (You found it on level 5 of the Dungeon)

   [ring of flight]

   It affects your intelligence (+7).
   It affects your accuracy and damage with ranged weapons and melee attacks
   (+2).
   It lets you see invisible.
   It lets you fly.
   It prevents most forms of teleportation.
 J - an uncursed ring of protection from fire {unknown}
Wands
 s - a wand of flame (9)
 v - a wand of random effects (29)
 I - a wand of enslavement (9)
 K - a wand of polymorph (11)
 M - a wand of iceblast (9)
Scrolls
 i - 2 scrolls of fear
 j - 6 scrolls of remove curse
 k - a scroll of blinking
 t - 3 scrolls of teleportation
 z - 2 scrolls of amnesia
 C - a scroll of fog
 F - 2 scrolls of identify
 G - a scroll of magic mapping
 L - 2 scrolls of enchant weapon
Potions
 f - 2 potions of cancellation
 g - 3 potions of berserk rage
 h - 4 potions of heal wounds
 l - a potion of curing
 n - a potion of ambrosia
 o - a potion of lignification
 p - a potion of resistance
 w - 3 potions of haste
 A - a potion of flight
 D - a potion of might
 E - a potion of invisibility
Comestibles
 c - 7 rations


   Skills:
 * Level 7.0 Fighting
 - Level 14.0 Axes
 + Level 10.2 Armour
 - Level 2.5 Dodging
 - Level 0.1 Stealth


You had 9 spell levels left.
You didn't know any spells.
Your spell library was empty.

Dungeon Overview and Level Annotations

Branches:
Dungeon (8/15)             Temple (1/1) D:6            Lair (0/6) D:8
Ossuary (visited)

Altars:
Ashenzari
Cheibriados
Dithmenos
Elyvilon
Fedhas
Gozag
Hepliaklqana
Kikubaaqudgha
Makhleb
Nemelex Xobeh
Okawaru
Qazlal
Ru
Sif Muna
Trog
Uskayaw
Vehumet
Wu Jian
Xom
Yredelemnul
Zin
The Shining One


Innate Abilities, Weirdness & Mutations

You reflexively headbutt those who attack you in melee.
You have a pair of horns on your head.


Message History

The death yak is severely wounded.
You hit the wyvern.
Your chain mail prevents you from hitting the porcupine.
The wyvern closely misses you. The porcupine barely misses you.
The death yak closely misses you.
The wyvern bites you but does no damage.
You feel agile all of a sudden.
The porcupine bites you but does no damage.
The wyvern closely misses you.
The death yak gores you but does no damage.
The porcupine misses you. The wyvern bites you!
* * * LOW HITPOINT WARNING * * *
The porcupine completely misses you. You furiously retaliate!
You headbutt the porcupine.
The phantom blinks!
The porcupine bites you.
* * * LOW HITPOINT WARNING * * *
The porcupine bites you.
* * * LOW HITPOINT WARNING * * *
The porcupine misses you. You furiously retaliate!
You headbutt the porcupine! The death yak gores you.
You die...

###†##Y.... #.#
#..........
#W###....>..=.# #
#Zh##..#......#.#
##y##..$#.......#
#F##...........#
#.##.h#y.?...#
#W##.#.r.....#
#..Z.lFY@....#
#########.##.#
... ###.# #


You could see a death yak, a phantom, a hornet, a wyvern, a bullfrog, a
porcupine, a hound and a howler monkey skeleton.

Vanquished Creatures
  2 death yaks (D:8)
  Prince Ribbit (D:7)
  4 hogs (D:7)
  A human (D:7)
  Duvessa (D:4)
  A water moccasin (D:5)
  2 ice beasts (D:5)
  A phantom (D:4)
  2 sky beasts (D:6)
  6 ogres
  4 centaurs
  A big kobold (D:8)
  A wyvern zombie (Ossuary)
  Dowan (D:4)
  A water moccasin zombie (Ossuary)
  3 scorpions
  2 crimson imps
  2 centaur zombies (Ossuary)
  4 bullfrog zombies
  2 hounds (D:8)
  4 orc wizards
  2 orc priests
  A jelly (D:5)
  Crazy Yiuf (D:3)
  Natasha (D:4)
  An iguana (D:5)
  2 worker ants
  2 killer bee zombies (Ossuary)
  A hound skeleton (D:5)
  16 mummies (Ossuary)
  2 worker ant zombies
  9 gnolls
  6 adders
  An ooze (D:3)
  2 adder zombies (Ossuary)
  2 adder skeletons
  3 worms
  A dart slug (D:1)
  7 leopard geckos
  27 orcs
  12 bats
  6 giant cockroaches
  5 hobgoblins
  4 jackals (D:2)
  11 kobolds
  6 quokkas
  3 ball pythons
  6 frilled lizards
  A giant cockroach zombie (Ossuary)
  10 goblins
  A leopard gecko skeleton (D:7)
  11 rats
  A withered plant (Ossuary)
210 creatures vanquished.

Notes
Turn   | Place    | Note
-------+----------+-------------------------------------------
     0 | D:1      | falkbn the Minotaur Berserker began the quest for the Orb.
     0 | D:1      | Reached XP level 1. HP: 19/19 MP: 0/0
   105 | D:1      | Reached XP level 2. HP: 23/27 MP: 1/1
   226 | D:1      | Reached skill level 4 in Axes
   635 | D:1      | Reached ** piety under Trog
   635 | D:1      | Reached XP level 3. HP: 33/34 MP: 2/2
  1739 | D:2      | Reached XP level 4. HP: 38/41 MP: 3/3
  1813 | D:3      | Found a white marble altar of Elyvilon.
  1880 | D:3      | Found a runed translucent door.
  1881 | D:3      | Noticed Crazy Yiuf
  1886 | D:3      | Killed Crazy Yiuf
  2024 | D:3      | Reached *** piety under Trog
  2024 | D:3      | Reached skill level 5 in Axes
  2203 | D:3      | Found a shimmering altar of Xom.
  2209 | D:3      | Found a shimmering altar of Xom.
  2343 | D:3      | Reached skill level 5 in Fighting
  2343 | D:3      | Reached XP level 5. HP: 33/48 MP: 4/4
  2638 | D:3      | Found a faded altar of an unknown god.
  2712 | D:4      | Reached skill level 6 in Axes
  2727 | D:4      | Reached XP level 6. HP: 38/56 MP: 5/5
  2968 | D:4      | Reached skill level 7 in Axes
  2973 | D:4      | Noticed Dowan
  2974 | D:4      | Noticed Duvessa
  2989 | D:4      | Killed Duvessa
  2989 | D:4      | Reached skill level 5 in Armour
  2989 | D:4      | Reached XP level 7. HP: 61/61 MP: 6/6
  2995 | D:4      | Killed Dowan
  3143 | D:4      | Reached skill level 8 in Axes
  3274 | D:4      | Found an iron altar of Okawaru.
  3639 | D:4      | Noticed Natasha
  3647 | D:4      | Killed Natasha
  3682 | D:5      | Entered Level 5 of the Dungeon
  3730 | D:5      | Got an encrusted ring mail
  3801 | D:5      | Reached skill level 9 in Axes
  3805 | D:5      | Reached **** piety under Trog
  3858 | D:5      | Reached XP level 8. HP: 35/68 MP: 7/7
  4030 | D:5      | Reached skill level 10 in Axes
  4045 | D:5      | Found a sand-covered staircase.
  4054 | Ossuary  | Entered an ossuary
  4075 | Ossuary  | Received a gift from Trog
  4131 | Ossuary  | Reached skill level 11 in Axes
  4412 | Ossuary  | Identified the cursed +1 ring mail of Charity {rF+ rN+
                  | Slay+2 Stlth+} (You found it on level 5 of the Dungeon)
  4784 | D:5      | Reached XP level 9. HP: 74/74 MP: 8/8
  4813 | D:5      | Reached skill level 12 in Axes
  4846 | D:5      | Got a coiled ivory ring
  4848 | D:5      | Identified the ring "Zusomifa" {-Tele +Fly Int+7 Slay+2
                  | SInv} (You found it on level 5 of the Dungeon)
  5340 | D:6      | Found a staircase to the Ecumenical Temple.
  5350 | Temple   | Entered the Ecumenical Temple
  5634 | D:6      | Reached skill level 13 in Axes
  5983 | D:7      | Noticed Prince Ribbit
  5996 | D:7      | Killed Prince Ribbit
  6376 | D:7      | Reached ***** piety under Trog
  6382 | D:7      | Reached skill level 14 in Axes
  6743 | D:8      | Reached XP level 10. HP: 76/81 MP: 9/9
  6947 | D:8      | Noticed a death yak
  6948 | D:8      | Noticed a death yak
  6949 | D:8      | Noticed a death yak
  6973 | D:8      | Killed a death yak
  6982 | D:8      | Killed a death yak
  6982 | D:8      | Reached skill level 10 in Armour
  6998 | D:8      | Found a staircase to the Lair.
  7009 | D:8      | HP: 4/86 [porcupine (4)]
  7011 | D:8      | Slain by a death yak

Levels and vault maps discovered:
D:1:      tarquinn_simple_flora_water_c, layout_basic, grunt_decor_resistance,
          st_stairs_3, hangedman_decor_lopped
D:2:      layout_basic, first_ration
D:3:      layout_loops_corners, old_standard_altar,
          chequers_ecumenical_altar_grove, xom_redecorated,
          uniq_crazy_yiuf_cottage
D:4:      layout_layer_cave, okawaru_altar_gauntlet_db, uniq_duvessa,
          uniq_natasha
D:5:      minmay_octagon_keep, layout_rooms, chequers_ossuary_entry_cave,
          amethyst_killhole
D:6:      layout_loops_corners, minmay_temple_entry_trees
D:7:      layout_loops_cross, serial_bayou_lagoon_a, grunt_livestock,
          uniq_prince_ribbit1
D:8:      layout_loops_ring, dpeg_lair_monsters
Temple:   grunt_wide_crystal_templ

Skill      XL: |  1  2  3  4  5  6  7  8  9 10 |
---------------+-------------------------------+-----
Fighting       | 4 5 7 |  7.0
Axes           | 4 5 6 7 9 11 14 | 14.0
Armour         | 3 4 5 6 7 9 10 | 10.2
Dodging        | |  2.5
Stealth        | |  0.1

Action                   |  1- 3 |  4- 6 |  7- 9 | 10-12 || total
-------------------------+-------+-------+-------+-------++-------
Melee: Hand axe          |    74 |   100 |   370 |    54 ||   598
       Headbutt          |     6 |    18 |    82 |    14 ||   120
Invok: Berserk           |     2 |     2 |     4 |     1 ||     9
       Trog's Hand       |       |     2 |     3 |     1 ||     6
  Use: Scroll            |     5 |     8 |     7 |       ||    20
       Potion            |     2 |     1 |     4 |     3 ||    10
  Eat: Ration            |     1 |     3 |     4 |     1 ||     9
       Chunk             |     1 |       |     2 |       ||     3
Armor: Animal skin       |    19 |       |       |       ||    19
       Scale mail        |    40 |    16 |       |       ||    56
       Chain mail        |       |    28 |   155 |    25 ||   208
Dodge: Dodged            |    88 |    45 |   131 |    34 ||   298
